 Dungeon Crawl Stone Soup version 0.26-a0-158-g66bac3cce0 (webtiles) character file.

Game seed: 6545007086481364564

46 turbopower10k the Conjurer (level 3, -2/24 HPs)
             Began as a Human Conjurer on July 2, 2020.
             Slain by a gnoll
             ... wielding a +0 flail
              (8 damage)
             ... on level 1 of the Dungeon.
             The game lasted 00:10:22 (1594 turns).

turbopower10k the Conjurer (Human Conjurer)         Turns: 1594, Time: 00:10:23

Health: -2/24      AC:  2    Str:  7    XL:     3   Next: 92%
Magic:  2/6        EV: 12    Int: 19    God:
Gold:   60         SH:  0    Dex: 11    Spells: 3/6 levels left

rFire    . . .     SeeInvis .   (no weapon)
rCold    . . .     Faith    .   (no shield)
rNeg     . . .     Spirit   .   a - +0 robe
rPois    .         Reflect  .   (no helmet)
rElec    .         Harm     .   (no cloak)
rCorr    .                      (no gloves)
MR       .....                  (no boots)
Stlth    ++........             (no amulet)
HPRegen  0.08/turn              (no ring)
MPRegen  0.10/turn              (no ring)

@: no status effects
A: no striking features
a: no special abilities


You were on level 1 of the Dungeon.
You were hungry.

You visited 1 branch of the dungeon, and saw 2 of its levels.

You collected 60 gold pieces.

Inventory:

Armour
 a - a +0 robe (worn)
 b - a +0 leather armour
Scrolls
 f - a scroll of remove curse
 h - a scroll of amnesia {unknown}
 i - a scroll of identify {unknown}
 k - a scroll of fear {unknown}
Potions
 d - a potion of stabbing {unknown}
 e - 2 potions of magic {unknown}
 g - a potion of lignification {unknown}
 j - a potion of flight {unknown}
Comestibles
 c - a ration
 l - 4 chunks of flesh


   Skills:
 + Level 2.0 Dodging
 + Level 2.1 Stealth
 + Level 2.3 Spellcasting
 + Level 5.0 Conjurations


You had 3 spell levels left.
You knew the following spells:

 Your Spells              Type           Power        Failure   Level  Hunger
a - Magic Dart            Conj           ###.         1%          1    #......
b - Searing Ray           Conj           ###...       3%          2    ##.....

Your spell library contained the following spells:

 Spells                   Type           Power        Failure   Level  Hunger
 Dazzling Flash           Conj/Hex       ##....       17%         3    ###....
 Fulminant Prism          Conj/Hex       ##........   50%         4    #####..
 Iskenderun's Mystic Bla  Conj/Tloc      ##......     50%         4    #####..


Dungeon Overview and Level Annotations

Branches:
Dungeon (2/15)

Altars:
Yredelemnul
Lugonu

Portals:
Abyss: D:1

Annotations:
D:2 Sigmund


Message History

You can't go down here!
The gnoll completely misses you.
You climb upwards.
There is a stone staircase leading down here.
You can't go up here!
Casting: Magic Dart (safe; 1% risk of failure)
Confirm with . or Enter, or press ? or * to list all spells.
Aiming: Searing Ray (safe; 3% risk of failure)
Press: ? - help, Shift-Dir - straight line, f - gnoll
Aim: a gnoll, wielding a +0 flail The searing ray hits the gnoll.
The gnoll is moderately wounded. (Press . to maintain the ray.)
You are feeling hungry.
The gnoll hits you with a +0 flail!
* * * LOW HITPOINT WARNING * * *
The searing ray hits the gnoll.
The gnoll is severely wounded.
The gnoll hits you with a +0 flail!
You die...

#......#####...........#+#.##
#............##.###....#.....
#...........###..............
#...........# ####.......)...
#...........# #.###.###.##
#...........######....[###.##
##....#....................##
#.....#####g################
#.....# #@#...............
#.....#####.#.............#.
#...........#...###....⌠...#
#...........#...............
#...........#...########....
#...........#...#.⌠.K ##...
#...........#...#..Kg#####..
#...............#.5b5#.#.8..
###.........#...#..5s#.'....


You could see a gnoll.

Vanquished Creatures
  2 gnolls (D:2)
  2 dart slugs
  2 bats (D:1)
  3 giant cockroaches (D:1)
  2 hobgoblins (D:1)
  A quokka (D:2)
  2 ball pythons (D:1)
  A frilled lizard (D:1)
  2 goblins (D:1)
  5 kobolds
  2 rats (D:1)
24 creatures vanquished.

Notes
Turn   | Place    | Note
-------+----------+-------------------------------------------
     0 | D:1      | turbopower10k the Human Conjurer began the quest for the
                  | Orb.
     0 | D:1      | Reached XP level 1. HP: 13/13 MP: 3/3
   170 | D:1      | Found a corrupted altar of Lugonu.
   170 | D:1      | Found a one-way gate to the infinite horrors of the Abyss.
   170 | D:1      | Noticed a demonic crawler
   170 | D:1      | Noticed a demonic crawler
   170 | D:1      | Noticed a demonic crawler
   170 | D:1      | Noticed an iron imp
   170 | D:1      | Noticed an iron imp
   170 | D:1      | Noticed a quasit
   181 | D:1      | Reached XP level 2. HP: 17/19 MP: 1/5
   516 | D:1      | Learned a level 2 spell: Searing Ray
  1210 | D:1      | Reached XP level 3. HP: 24/24 MP: 4/6
  1392 | D:2      | Found a basalt altar of Yredelemnul.
  1433 | D:2      | Noticed Sigmund
  1542 | D:2      | Reached skill level 5 in Conjurations
  1594 | D:1      | Slain by a gnoll

Illustrated notes

Levels and vault maps discovered:
D:1:      erik_arrival_cave_to_civilisation [erik_arrival_cave_to_temple],
          layout_basic
D:2:      layout_basic, marbit_many_paths, grunt_ministairs_14, uniq_terence,
          uniq_sigmund

Skill      XL: |  1  2  3 |
---------------+----------+-----
Conjurations   | 5 |  5.0
Dodging        | |  2.0
Stealth        | |  2.1
Spellcasting   | |  2.3

Action                   || total
-------------------------++-------
Melee: Unarmed           ||     3
 Cast: Magic Dart        ||    45
       Searing Ray       ||     2
  Use: Scroll            ||     1
  Eat: Chunk             ||     2
Armor: Leather armour    ||     2
       Robe              ||     1
Dodge: Dodged            ||     5

Table legend:
 A = Non-vault XP
 B = Vault XP
 C = Vault XP percentage of total XP
 D = Non-vault monster count
 E = Vault monster count
 F = Vault count percentage of total count
                 A         B        C        D         E       F
            +---------+---------+-------+---------+---------+-------
      Total |      60 |       6 |   9.1 |      21 |       3 |  12.5
            +---------+---------+-------+---------+---------+-------
        D:1 |      28 |       2 |   6.7 |      17 |       2 |  10.5
        D:2 |      32 |       4 |  11.1 |       4 |       1 |  20.0
            +---------+---------+-------+---------+---------+-------
